 Dungeon Crawl Stone Soup version 0.17.2-1-ge4368a0 (webtiles) character file.

481798 Goblin1989 the Wrestler (level 23, -2/241 HPs)
             Began as a Troll Hunter on Apr 19, 2017.
             Was a High Priest of Okawaru.
             Rolled over by a boulder beetle (40 damage)
             ... summoned by the player character
             ... on level 5 of the Vaults on Apr 23, 2017.
             The game lasted 04:47:48 (59311 turns).

Goblin1989 the Wrestler (Troll Hunter)             Turns: 59311, Time: 04:47:48

Health: -2/241     AC: 39    Str: 26    XL:     23   Next: 72%
Magic:  32/36      EV: 18    Int: 14    God:    Okawaru [*****.]
Gold:   3016       SH: 16    Dex: 22    Spells: 6 memorised, 3 levels left

rFire  + . .     SeeInvis .       - Unarmed
rCold  + . .     Clarity  +     y - +8 gold dragon armour {god gift, o4, 15 xl, +2}
rNeg   . . .     SustAt   .     h - +2 shield {reflect} {Donald, Snake 2}
rPois  +         Gourm    +     v - +3 hat of Pondering {ponderous, MR+ MP+10 Int+5, Got gift!!!, Snake 3}
rElec  +         Spirit   .     x - +0 cloak of Noon {rCorr Dex+2, god gift}
rCorr  +         Warding  .     (gloves unavailable)
rMut   .         Stasis   .     (boots unavailable)
MR     +++..                    d - amulet of clarity
Stlth  ..........               i - +6 ring of slaying {=R, 1800 gold}
                                t - ring "Amiydiugg" {rElec MR+ Int+2 Dex+3}

@: heroism, finesse, very slightly contaminated, hasted, studying Invocations,
very quick, extremely resistant to hostile enchantments, extremely unstealthy
A: unfitting armour, claws 3, fast metabolism 3, gourmand, regeneration 2,
screaming 1, shaggy fur 1, tough skin 2
a: Heroism, Finesse, Renounce Religion
}: 2/15 runes: serpentine, barnacled


You were on level 5 of the Vaults.
You worshipped Okawaru.
Okawaru was extremely pleased with you.
You were not hungry.

You visited 8 branches of the dungeon, and saw 48 of its levels.
You also visited: Ice Cave and Volcano.

You collected 5836 gold pieces.
You spent 2820 gold pieces at shops.

Inventory:

Hand Weapons
 Y - a +9 blowgun of evasion {@w1}
Missiles
 D - 3 needles of sleeping
 F - 109 large rocks (quivered) {!d}
 I - 17 curare-tipped needles
 K - 6 tomahawks of dispersal
 N - 10 javelins of penetration
 U - 6 needles of paralysis
 Z - 9 throwing nets {!d, =f}
Armour
 h - a +2 shield of reflection (worn) {Donald, Snake 2}
 v - the +3 hat of Pondering (worn) {ponderous, MR+ MP+10 Int+5, Got gift!!!, Snake 3}
   (Okawaru gifted it to you on level 3 of the Snake Pit)

   It affects your intelligence (+5).
   It affects your resistance to hostile enchantments.
   It affects your magic capacity (+10).
 x - the +0 cloak of Noon (worn) {rCorr Dex+2, god gift}
   (Okawaru gifted it to you on level 1 of the Snake Pit)

   It affects your dexterity (+2).
   It protects you from acid and corrosion.
 y - a +8 gold dragon armour (worn) {god gift, o4, 15 xl, +2}
Jewellery
 b - the ring of Ediqupeo {*Contam rElec rF+++ Int+3 Dex+2}
   (You found it on level 1 of the Elven Halls)

   [ring of intelligence]

   It affects your intelligence (+3).
   It affects your dexterity (+2).
   It renders you almost immune to fire.
   It insulates you from electricity.
   It causes magical contamination when unequipped.
 c - a ring of protection from cold
 d - an amulet of clarity (around neck)
 f - the ring of Finality {Int+6 SInv}
   (You took it off a deep elf demonologist on level 3 of the Elven Halls)

   [ring of see invisible]

   It affects your intelligence (+6).
   It lets you see invisible.
 i - a +6 ring of slaying (right claw) {=R, 1800 gold}
 t - the ring "Amiydiugg" (left claw) {rElec MR+ Int+2 Dex+3}
   (You took it off a merfolk on level 4 of the Shoals)

   [ring of protection from magic]

   It affects your intelligence (+2).
   It affects your dexterity (+3).
   It insulates you from electricity.
   It affects your resistance to hostile enchantments.
Wands
 z - a wand of disintegration (12)
 G - a wand of teleportation (2) {@v3, !v}
 X - a wand of digging (17)
Scrolls
 g - 3 scrolls of fog
 m - 13 scrolls of remove curse {@r2}
 B - 4 scrolls of blinking
 H - 5 scrolls of recharging
 J - 4 scrolls of silence
 M - 3 scrolls of magic mapping
 R - 10 scrolls of identify {@r1}
 T - 17 scrolls of teleportation {!r, @r3}
 V - 6 scrolls of fear
Potions
 a - a potion of agility
 j - 5 potions of might
 k - 3 potions of cancellation
 o - a potion of cure mutation {!q}
 p - 4 potions of heal wounds {@q2, !q}
 r - 4 potions of flight
 E - 4 potions of resistance
 L - 10 potions of curing {@q1}
 O - 5 potions of haste {@q3, !q}
 Q - 5 potions of berserk rage
Books
 C - a manual of Invocations
Comestibles
 e - 21 bread rations {@e1}
 n - 5 beef jerkies
 q - 22 meat rations {@e2}
 u - 44 fruits
 S - 7 slices of pizza
 W - 4 royal jellies


   Skills:
 * Level 16.7(21.7) Fighting
 + Level 11.7(16.7) Throwing
 * Level 15.6(20.6) Armour
 * Level 15.8(20.8) Dodging
 - Level 0.4(5.4) Stealth
 - Level 9.0(14.0) Shields
 - Level 22.0(27) Unarmed Combat
 - Level 6.0 Invocations


You had 3 spell levels left.
You knew the following spells:

 Your Spells              Type           Power        Failure   Level  Hunger
g - Passage of Golubria   Tloc           N/A          100%        4    #####..
h - Shroud of Golubria    Chrm/Tloc      #.........   100%        2    ###....
p - Phase Shift           Tloc           #.........   100%        5    ######.
y - Song of Slaying       Chrm           #.......     100%        2    ###....
A - Aura of Abjuration    Summ           #.........   100%        5    ######.
B - Summon Butterflies    Summ           #.......     100%        1    ##.....


Dungeon Overview and Level Annotations

Branches:
Dungeon (15/15)            Temple (0/1) D:7            Lair (8/8) D:10
 Shoals (4/4) Lair:4        Snake (4/4) Lair:5        Slime (0/6) Lair:8
    Orc (4/4) D:9             Elf (3/3) Orc:3        Vaults (5/5) D:14
  Crypt (0/3) Vaults:2     Depths (5/5) D:15            Zot (0/5) Depths:5

Altars:
Ashenzari
Cheibriados
Elyvilon
Fedhas
Makhleb
Nemelex Xobeh
Okawaru
Ru
Trog
Vehumet
Xom
Yredelemnul
Beogh

Shops:
D:4 *   Orc:1 %   Orc:4 %%!   Elf:2 *   Shoals:1 (   Vaults:1 =

Portals:
Hell: Depths:1 Depths:2 Depths:3 Depths:4 Depths:5
Abyss: Depths:4
Pandemonium: Depths:2 Depths:3 Depths:4 Depths:5
Ziggurat: Depths:5
Trove: Depths:2 (give 2 scrolls of acquirement)

Annotations:
D:6 exclusion: downstairs
Elf:2 3 runed doors


Innate Abilities, Weirdness & Mutations

You are too large for most types of armour.
You have claws for hands.
Your metabolism is lightning-fast.
You like to eat raw meat.
You heal very quickly.
You are covered in fur (AC +1).
You have very tough skin (AC +2).
You occasionally shout uncontrollably at your foes.


Message History

The phantasmal warrior is almost destroyed.
You hear a shout!
Unknown command.
You closely miss the phantasmal warrior.
The phantasmal warrior is almost destroyed.
Unknown command.
You claw the phantasmal warrior!
You destroy the phantasmal warrior!
Okawaru accepts your kill.
Unknown command.
Drink which item? (? for menu, Esc to quit)
Really quaff
p - 5 potions of heal wounds {@q2, !q}?
You feel much better.
Your vault sentinel hits the ettin but does no damage.
The ettin hits you but does no damage. The ettin hits you with a dire flail.
* * * LOW HITPOINT WARNING * * *
Your boulder beetle bites the ettin!!!
You regained 22 hp, and now have 35/241 hp.
Unknown command.
Read which item? (? for menu, Esc to quit)
Okay, then.
You gain the combat prowess of a mighty hero.
You feel slightly more hungry.
The vault warden closely misses your redback.
The ettin hits your boulder beetle but does no damage.
The ettin hits your boulder beetle with a dire flail!
A deep troll earth mage comes into view.
You now have 31/36 mp.
Throwing (i - inventory. (,) - cycle):
F - 116 large rocks (quivered)
{!d}
Press: ? - help, Shift-Dir - straight line, f - tentacled monstrosity
Aim: a tentacled monstrosity You throw a large rock {!d}.
The large rock {!d} hits the tentacled monstrosity!!!
The tentacled monstrosity is moderately wounded.
Your vault sentinel hits the ettin but does no damage.
Unknown command.
Throwing (i - inventory. (,) - cycle):
F - 115 large rocks (quivered)
{!d}
Press: ? - help, Shift-Dir - straight line, f/p - tentacled monstrosity
Aim: a tentacled monstrosity (moderately wounded)
You throw a large rock {!d}.
The large rock {!d} hits the tentacled monstrosity!!!
The tentacled monstrosity is almost dead.
You feel less vulnerable to hostile enchantments.
Your boulder beetle bites the ettin!!
The ettin dies!
Okawaru accepts your kill.
The vault warden hits your redback with a war axe!!
Your redback dies!
Your redback's corpse dissolves into shadows!
The deep troll earth mage casts a spell next to you.
The metal wall shatters!
The blast of metal fragments hits your boulder beetle.
The blast of metal fragments hits you!
You hear a shout!
A vault warden comes into view. It is wielding a great mace.
Unknown command.
Throwing (i - inventory. (,) - cycle):
F - 114 large rocks (quivered)
{!d}
Press: ? - help, Shift-Dir - straight line, f/p - tentacled monstrosity
Aim: a tentacled monstrosity (almost dead)
You throw a large rock {!d}.
The large rock {!d} hits the tentacled monstrosity!!!!
You kill the tentacled monstrosity!
Okawaru accepts your kill.
Unknown command.
Throwing (i - inventory. (,) - cycle):
F - 113 large rocks (quivered)
{!d}
Press: ? - help, Shift-Dir - straight line, f - tentacled monstrosity
Aim: a tentacled monstrosity You throw a large rock {!d}.
The large rock {!d} hits the tentacled monstrosity!
The tentacled monstrosity is lightly wounded.
Throwing (i - inventory. (,) - cycle):
F - 112 large rocks (quivered)
{!d}
Press: ? - help, Shift-Dir - straight line, f - vault warden, p - tentacled monstrosity
Aim: a vault warden, wielding a great mace and wearing a chain mail You throw a large rock {!d}.
The large rock {!d} hits the tentacled monstrosity!!
The tentacled monstrosity is moderately wounded.
The stone giant completely misses your boulder beetle.
The deep troll earth mage moves out of view.
Your boulder beetle curls into a ball and starts rolling!
Your boulder beetle smashes into your vault sentinel!
Your vault sentinel dies!
Your vault sentinel's corpse dissolves into shadows!
Throwing (i - inventory. (,) - cycle):
F - 111 large rocks (quivered)
{!d}
Press: ? - help, Shift-Dir - straight line, f/p - vault warden
Aim: a vault warden, wielding a great mace and wearing a chain mail You throw a large rock {!d}.
The large rock {!d} hits the tentacled monstrosity!
The tentacled monstrosity is moderately wounded.
The tentacled monstrosity misses you.
The tentacled monstrosity tentacle-slaps you but does no damage.
The tentacled monstrosity misses you.
The tentacled monstrosity barely misses you.
Throwing (i - inventory. (,) - cycle):
F - 110 large rocks (quivered)
{!d}
Press: ? - help, Shift-Dir - straight line, f/p - vault warden
Aim: a vault warden, wielding a great mace and wearing a chain mail You throw a large rock {!d}.
The large rock {!d} hits the tentacled monstrosity!
The tentacled monstrosity is heavily wounded.
Your boulder beetle smashes into you!
You die...

····▓▓··▓·▓·▓·█..▓▓··...█··▓
·▓▓··▓▓·▓▓▓·▓▓█·█▓··██..█··▓
··▓▓··▓··▓▓·▓▓··█..██.p.█··▓
······▓▓·▓▓·▓▓·▓█.....X.█··▓
·▓▓▓▓····▓▓·▓▓····▓███..█··▓
····▓▓▓···▓·▓···▓██...99█··▓
······▓▓·······██D.p....█··▓
·▓▓▓▓··▓▓·▓·▓·██.X████(.█··▓
····▓▓··▓·▓·▓·█.@█▓··...█··▓
·▓▓··▓▓·▓▓▓·▓██B██··▓█..█··▓
··▓▓··▓··▓▓·▓█.§█··▓▓..p█··▓
···▓▓·▓··▓▓·▓█Cp█·▓▓·...█··▓
·▓··▓.█X.█████Wp█.█..▓··▓··▓
·····...Cp).(.)......p··▓··▓
·····...T.W.X.........·····▓
▓▓▓▓▓█████████████████▓····▓
···························▓


You could see a shadow dragon, 2 tentacled monstrosities, an ironheart
preserver, a stone giant, 2 vault wardens, a freezing wraith and a friendly
boulder beetle.

Vanquished Creatures
  A juggernaut (Depths:2)
  2 ancient liches (Depths:5)
  Margery (Depths:1)
  Norris (Vaults:1)
  A caustic shrike (Depths:4)
  Nikola (Snake:2)
  4 golden dragons
  Rupert (Orc:3)
  2 tentacled monstrosities
  2 deep elf blademasters (Elf:3)
  4 deep elf master archers (Elf:3)
  2 liches
  A quicksilver dragon (Vaults:5)
  A sphinx (Depths:4)
  Polyphemus (Shoals:3)
  A kraken (Shoals:2)
  Gastronok (Lair:2)
  A shadow dragon (Depths:4)
  Frances (Shoals:2)
  7 tengu reavers
  Roxanne (D:14)
  3 storm dragons
  A revenant (Vaults:2)
  Ilsuiw (Shoals:4)
  An azure jelly (shapeshifter) (Depths:2)
  6 fire giants
  5 vault wardens
  Donald (Snake:2)
  7 greater nagas
  An orc warlord (Orc:4)
  3 deep elf sorcerers
  6 frost giants
  2 draconian shifters (Depths:5)
  A curse skull (Vaults:2)
  10 very ugly things
  6 ironheart preservers
  2 spriggan defenders (Depths:4)
  5 vampire knights
  18 stone giants
  5 deep elf demonologists
  7 large abominations
  A black draconian (Depths:5)
  A green draconian (Depths:5)
  2 white draconians
  Azrael (D:14)
  9 deep elf annihilators
  A yellow draconian (Depths:5)
  A purple draconian (Depths:5)
  6 ettins
  A lorocyproca (Depths:4)
  5 merfolk javelineers
  A jiangshi (Vaults:2)
  Snorg (Orc:2)
  7 deep elf death magi (Elf:3)
  7 merfolk impalers
  20 fire dragons
  A fire dragon (shapeshifter) (Depths:2)
  9 yaktaur captains
  8 rakshasas
  7 vault guards
  17 ice dragons
  3 deep elf high priests
  4 catoblepae
  Harold (D:10)
  6 entropy weavers
  8 great orbs of eyes
  4 merfolk avatars
  18 naga warriors
  9 hydras
  2 spriggan air magi (Depths:5)
  11 centaur warriors
  A monstrous demonspawn (Depths:4)
  3 alligator snapping turtles (Shoals:4)
  A dancing weapon (Elf:2)
  5 merfolk aquamancers
  12 anacondas
  12 ogre magi
  20 death yaks
  6 deep troll shamans
  A deep troll earth mage (Depths:4)
  4 orc high priests (Orc:4)
  7 tengu warriors
  10 spriggan berserkers
  11 hell knights
  9 shock serpents
  15 naga sharpshooters
  10 deep elf knights
  An iron troll (shapeshifter) (Vaults:1)
  Sonja (Lair:2)
  A spriggan (Depths:5)
  8 salamander mystics
  2 iron trolls
  An ice devil (Depths:2)
  13 skeletal warriors
  A shadow wraith (Vaults:2)
  A shadow demon (Depths:2)
  6 naga ritualists
  5 hill giants
  A gelid demonspawn (Depths:2)
  A swamp dragon (shapeshifter) (Depths:2)
  5 flayed ghosts
  3 giant orange brains
  18 deep trolls
  3 deep elf summoners
  A hill giant (shapeshifter) (Depths:5)
  29 sea snakes
  4 phantasmal warriors
  15 deep elf conjurers
  9 ironbrand convokers
  3 unseen horrors
  7 orc sorcerers
  A salamander (shapeshifter) (Elf:3)
  6 cyclopes
  2 hornets
  25 ugly things
  18 orc knights
  17 salamanders
  4 necromancers
  5 wizards
  5 wolf spiders
  12 harpies
  A shining eye (shapeshifter) (Vaults:3)
  14 griffons
  10 sirens
  6 elephants (Lair:7)
  9 manticores
  44 black mambas
  11 fauns
  2 rust devils (Depths:4)
  6 water nymphs
  18 naga magi
  10 guardian serpents
  A toenail golem (Volcano)
  5 mana vipers
  2 molten gargoyles
  Maurice (D:10)
  An oklob plant (Snake:3)
  10 vault sentinels
  5 torpor snails
  An ice statue (IceCv)
  An elephant (shapeshifter) (D:15)
  7 spiny frogs
  4 gargoyles
  10 komodo dragons
  A komodo dragon (shapeshifter) (Depths:2)
  A kobold demonologist (D:13)
  A human zombie (Vaults:4)
  A fire drake (shapeshifter) (D:15)
  48 yaktaurs
  A human skeleton (Vaults:4)
  11 trolls
  3 freezing wraiths
  5 fire drakes
  3 tengu conjurers
  8 deep elf priests
  2 two-headed ogres (shapeshifter)
  2 efreet
  A harpy zombie (D:15)
  A jumping spider (Depths:3)
  A red devil (Depths:4)
  13 polar bears (IceCv)
  A shadow dragon simulacrum (Vaults:4)
  29 merfolk
  2 blue devils (Depths:2)
  11 boulder beetles
  A blink frog (shapeshifter) (D:15)
  A trapdoor spider zombie (D:11)
  2 stone giant simulacra
  A queen bee (shapeshifter) (D:15)
  7 small abominations (Depths:3)
  A shadow (D:14)
  5 wind drakes
  13 blink frogs
  14 two-headed ogres
  16 slime creatures
  8 snapping turtles
  A human simulacrum (Vaults:2)
  An ettin skeleton (Vaults:4)
  9 water elementals
  13 redbacks
  A tarantella (Vaults:4)
  2 wraiths
  11 hippogriffs
  A spriggan (shapeshifter) (Vaults:2)
  A yak (shapeshifter) (Depths:1)
  17 deep elf fighters
  A basilisk (Lair:3)
  24 deep elf magi
  A wyvern (D:10)
  82 yaks
  2 hungry ghosts
  Grum (D:10)
  3 fire elementals (D:14)
  2 mottled dragons
  A hippogriff (shapeshifter) (Vaults:1)
  21 vampire mosquitoes
  29 wolves
  A soldier ant (D:12)
  62 nagas
  14 wargs
  A spider (shapeshifter) (D:15)
  5 sky beasts
  16 water moccasins
  9 porcupines
  2 black bears
  5 hell hounds (D:14)
  2 wasps
  48 ogres
  4 phantoms
  55 orc warriors
  An eye of draining (D:13)
  18 crocodiles
  13 centaurs
  A necrophage (D:12)
  17 boggarts
  3 brain worms (Depths:1)
  2 wyvern zombies
  18 giant frogs
  An earth elemental (Volcano)
  A glowing shapeshifter simulacrum (Vaults:4)
  3 big kobolds
  3 wyvern skeletons
  2 scorpions
  4 wights (D:14)
  5 lava snakes (Lair:7)
  4 electric eels
  7 hounds
  3 quasits
  7 crimson imps
  2 iron imps (Depths:2)
  7 jellies
  3 centaur skeletons
  A giant frog skeleton (D:10)
  Ijyb (D:2)
  22 orc wizards
  4 centaur zombies
  6 iguanas
  35 orc priests
  13 worker ants
  A hell rat (Depths:5)
  Natasha (D:3)
  52 sheep
  A hound zombie (D:8)
  A hound skeleton (D:4)
  15 adders
  3 shadow imps
  3 gnolls (D:5)
  14 white imps
  54 river rats
  An ooze (D:4)
  2 ufetubi (Depths:2)
  5 worms
  4 giant geckos
  158 orcs
  9 bats
  7 giant cockroaches
  3 goblins (D:3)
  8 hobgoblins
  2 quokkas
  A ball python (D:4)
  6 giant newts
  11 jackals
  21 kobolds
  2 quokka zombies
  12 rats
  A crawling corpse (Vaults:3)
  A plant (Lair:6)
  5 tentacles (Shoals:2)
2114 creatures vanquished.

Vanquished Creatures (collateral kills)
  A fire giant (Vaults:5)
  An ironheart preserver (Vaults:5)
  An ettin (Vaults:5)
3 creatures vanquished.

Vanquished Creatures (others)
  A merfolk javelineer (Shoals:4)
  2 naga sharpshooters (Snake:4)
  A manticore (Shoals:3)
  2 fauns (Shoals:3)
  A naga mage (Snake:1)
  3 yaktaurs
  A yak (D:13)
  A basilisk (D:13)
  A vampire mosquito (Vaults:2)
  An orc warrior (Vaults:2)
  2 nagas
  A boggart (Depths:2)
  4 centaurs
  A brain worm (Depths:1)
  A killer bee (D:13)
  A jelly (D:13)
  15 fungi
  29 plants
  3 tentacles (Shoals:2)
  108 tentacle segments (Shoals:2)
179 creatures vanquished.

Grand Total: 2296 creatures vanquished

Notes
Turn   | Place    | Note
--------------------------------------------------------------
     0 | D:1      | Goblin1989 the Troll Hunter began the quest for the Orb.
     0 | D:1      | Reached XP level 1. HP: 19/19 MP: 0/0
    88 | D:1      | Reached skill level 1 in Unarmed Combat
   727 | D:1      | Reached XP level 2. HP: 25/27 MP: 1/1
   755 | D:2      | Noticed Ijyb
   774 | D:2      | Killed Ijyb
   774 | D:2      | Reached XP level 3. HP: 19/33 MP: 2/2
  1085 | D:2      | Reached XP level 4. HP: 39/41 MP: 3/3
  1226 | D:2      | Reached skill level 4 in Unarmed Combat
  1753 | D:3      | Found a snail-covered altar of Cheibriados.
  2072 | D:3      | Found a bloodstained altar of Trog.
  2076 | D:3      | Found a sparkling altar of Nemelex Xobeh.
  2076 | D:3      | Found an iron altar of Okawaru.
  2084 | D:3      | Became a worshipper of Warmaster Okawaru
  2097 | D:3      | Found a sacrificial altar of Ru.
  2101 | D:3      | Found a basalt altar of Yredelemnul.
  2122 | D:3      | Noticed Natasha
  2139 | D:3      | Killed Natasha
  2139 | D:3      | Reached skill level 1 in Shields
  2139 | D:3      | Reached XP level 5. HP: 18/48 MP: 4/4
  2225 | D:4      | Found Imuosibbua's Assorted Antiques.
  2321 | D:4      | Bought a smoky black potion for 19 gold pieces
  2321 | D:4      | Bought a metallic grey potion for 19 gold pieces
  2321 | D:4      | Bought a scroll labeled DUAVEA LAKEYKK for 22 gold pieces
  2321 | D:4      | Bought a smoky cyan potion for 19 gold pieces
  2867 | D:5      | Entered Level 5 of the Dungeon
  2913 | D:5      | Reached skill level 5 in Unarmed Combat
  2913 | D:5      | Reached XP level 6. HP: 57/57 MP: 5/5
  3153 | D:5      | Noticed a sky beast
  3170 | D:5      | Killed a sky beast
  3174 | D:5      | Reached * piety under Okawaru
  3706 | D:6      | Found a radiant altar of Vehumet.
  3730 | D:6      | Reached XP level 7. HP: 66/66 MP: 6/6
  3972 | D:6      | Found a shimmering altar of Xom.
  4126 | D:6      | Reached skill level 6 in Unarmed Combat
  4480 | D:7      | Found a staircase to the Ecumenical Temple.
  4647 | D:8      | Reached XP level 8. HP: 71/75 MP: 7/7
  4837 | D:8      | Found an iron altar of Okawaru.
  4907 | D:8      | Reached ** piety under Okawaru
  4907 | D:8      | Reached skill level 7 in Unarmed Combat
  5112 | D:8      | Noticed a troll
  5130 | D:8      | Killed a troll
  5210 | D:8      | Reached skill level 8 in Unarmed Combat
  5296 | D:8      | Reached XP level 9. HP: 70/84 MP: 8/8
  5511 | D:8      | Reached *** piety under Okawaru
  6081 | D:9      | Noticed a centaur warrior
  6160 | D:9      | Killed a centaur warrior
  6160 | D:9      | Reached **** piety under Okawaru
  6160 | D:9      | Reached skill level 5 in Fighting
  6160 | D:9      | Reached skill level 5 in Dodging
  6160 | D:9      | Reached skill level 9 in Unarmed Combat
  6282 | D:9      | Found a staircase to the Orcish Mines.
  6339 | D:9      | Reached skill level 5 in Shields
  6581 | D:9      | Reached XP level 10. HP: 77/96 MP: 9/9
  6689 | D:9      | Found a blossoming altar of Fedhas.
  6831 | D:9      | Reached skill level 10 in Unarmed Combat
  7084 | D:10     | Entered Level 10 of the Dungeon
  7243 | D:10     | Noticed Grum
  7269 | D:10     | Killed Grum
  7485 | D:10     | Noticed a tengu warrior
  7502 | D:10     | Killed a tengu warrior
  7502 | D:10     | Reached ***** piety under Okawaru
  7577 | D:10     | Noticed a hill giant
  7579 | D:10     | Noticed Maurice
  7754 | D:10     | Noticed a centaur warrior
  7767 | D:10     | Killed a centaur warrior
  7856 | D:10     | Noticed Harold
  7898 | D:10     | Killed Harold
  7898 | D:10     | Received a gift from Okawaru
  7898 | D:10     | Reached skill level 11 in Unarmed Combat
  7950 | D:10     | Killed Maurice
  7950 | D:10     | Reached XP level 11. HP: 98/105 MP: 10/10
  8138 | D:10     | Found a staircase to the Lair.
  8337 | D:10     | Killed a hill giant
  8740 | D:11     | Got a slimy quarterstaff
  8823 | D:11     | Received a gift from Okawaru
  9509 | Lair:1   | Entered Level 1 of the Lair of Beasts
  9604 | Lair:1   | Reached skill level 12 in Unarmed Combat
  9748 | Lair:1   | Found a frozen archway.
  9809 | IceCv    | Entered an ice cave
  9917 | IceCv    | Reached skill level 1 in Invocations
 10241 | IceCv    | Noticed a death yak
 10250 | IceCv    | Killed a death yak
 10253 | IceCv    | Reached skill level 5 in Invocations
 10253 | IceCv    | Reached XP level 12. HP: 118/118 MP: 11/14
 10326 | IceCv    | Received a gift from Okawaru
 10497 | IceCv    | Noticed a death yak
 10568 | IceCv    | Killed a death yak
 10680 | IceCv    | Noticed a white draconian
 10697 | IceCv    | Reached ****** piety under Okawaru
 10790 | IceCv    | Killed a white draconian
 10790 | IceCv    | Received a gift from Okawaru
 11029 | Lair:1   | Learned a level 1 spell: Summon Butterflies
 12283 | Lair:2   | Noticed Sonja
 12290 | Lair:2   | Killed Sonja
 12290 | Lair:2   | Received a gift from Okawaru
 12296 | Lair:2   | Got an ichor-stained dire flail {god gift}
 12327 | Lair:2   | Noticed Gastronok
 12354 | Lair:2   | Killed Gastronok
 12398 | Lair:2   | Noticed an eight-headed hydra
 12403 | Lair:2   | Killed an eight-headed hydra
 12674 | Lair:2   | Reached XP level 13. HP: 113/128 MP: 16/16
 12930 | Lair:3   | Noticed a four-headed hydra
 12937 | Lair:3   | Killed a four-headed hydra
 13216 | Lair:3   | Reached skill level 13 in Unarmed Combat
 14239 | Lair:4   | Found a staircase to the Shoals.
 14488 | Lair:4   | Found a snail-covered altar of Cheibriados.
 14520 | Lair:4   | Received a gift from Okawaru
 15444 | Lair:5   | Reached skill level 1 in Armour
 16043 | Lair:5   | Found a staircase to the Snake Pit.
 16416 | Lair:6   | Gained mutation: You tend to lose your temper in combat. [potion of mutation]
 16416 | Lair:6   | Gained mutation: You occasionally shout uncontrollably at your foes. [potion of mutation]
 16416 | Lair:6   | Gained mutation: Your mind is acute. (Int +2) [potion of mutation]
 16418 | Lair:6   | Lost mutation: You tend to lose your temper in combat. [potion of cure mutation]
 16418 | Lair:6   | Lost mutation: Your mind is acute. (Int +2) [potion of cure mutation]
 16418 | Lair:6   | Lost mutation: You occasionally shout uncontrollably at your foes. [potion of cure mutation]
 16653 | Lair:6   | Got a glittering ivory ring
 16655 | Lair:6   | Identified the cursed ring "Daz Uwurgh" {EV-3 Dex+4} (You found it on level 6 of the Lair of Beasts)
 17114 | Lair:6   | Received a gift from Okawaru
 17114 | Lair:6   | Reached skill level 5 in Throwing
 17271 | Lair:6   | Identified a +1 rod of shadows (12/12) (You found it on level 6 of the Lair of Beasts)
 17329 | Lair:6   | Reached skill level 10 in Fighting
 17579 | Lair:7   | Reached XP level 14. HP: 126/143 MP: 17/17
 18404 | Lair:8   | Entered Level 8 of the Lair of Beasts
 18668 | Lair:8   | Got a dull robe
 18696 | Lair:8   | Identified the cursed +1 robe of the Sun {rPois rC+ Str-5 Dex+4} (You found it on level 8 of the Lair of Beasts)
 18767 | Lair:8   | Found a staircase to the Slime Pits.
 18922 | Lair:8   | Reached skill level 14 in Unarmed Combat
 19051 | Lair:8   | Received a gift from Okawaru
 19729 | Lair:8   | Reached skill level 10 in Dodging
 20794 | Orc:1    | Entered Level 1 of the Orcish Mines
 20831 | Orc:1    | Found Epiateu's Food Boutique.
 20843 | Orc:1    | Found a dark tunnel.
 20880 | Volcano  | Entered a volcano
 21227 | Orc:1    | Reached XP level 15. HP: 152/152 MP: 18/18
 21801 | Orc:2    | Noticed Rupert
 21801 | Orc:2    | Noticed Snorg
 21825 | Orc:3    | Killed Rupert
 21841 | Orc:2    | Killed Snorg
 21841 | Orc:2    | Received a gift from Okawaru
 21973 | Orc:4    | Entered Level 4 of the Orcish Mines
 22589 | Orc:4    | Reached skill level 5 in Armour
 22995 | Orc:4    | Found Sewamokh's Food Emporium.
 23009 | Orc:4    | Found Kuss's Food Shoppe.
 23020 | Orc:4    | Received a gift from Okawaru
 23067 | Orc:4    | Found a roughly hewn altar of Beogh.
 23500 | Orc:4    | Found a roughly hewn altar of Beogh.
 23714 | Orc:4    | Found Xiej's Magic Scroll Shop.
 23728 | Orc:4    | Received a gift from Okawaru
 23798 | Orc:4    | Bought a scroll of fear for 56 gold pieces
 23798 | Orc:4    | Bought 3 scrolls of blinking for 360 gold pieces
 23798 | Orc:4    | Bought a scroll of blinking for 120 gold pieces
 23798 | Orc:4    | Bought a scroll of enchant armour for 120 gold pieces
 23798 | Orc:4    | Bought a scroll of identify for 32 gold pieces
 23798 | Orc:4    | Bought a scroll of identify for 32 gold pieces
 23798 | Orc:4    | Bought a scroll of identify for 32 gold pieces
 23798 | Orc:4    | Bought a scroll of identify for 32 gold pieces
 23798 | Orc:4    | Bought a scroll of identify for 32 gold pieces
 23798 | Orc:4    | Bought a scroll of fear for 56 gold pieces
 23805 | Orc:4    | Gained mutation: You are resistant to hostile enchantments. [potion of beneficial mutation]
 23806 | Orc:4    | Gained mutation: Your mind is acute. (Int +2) [potion of beneficial mutation]
 23833 | Orc:4    | Found Cicluys's Distillery.
 27189 | D:14     | Reached skill level 15 in Unarmed Combat
 27421 | D:14     | Found a gate to the Vaults.
 27554 | D:14     | Noticed Roxanne
 27563 | D:14     | Noticed Azrael
 27712 | D:14     | Killed Roxanne
 27723 | D:14     | Killed Azrael
 27723 | D:14     | Reached XP level 16. HP: 97/162 MP: 19/19
 27859 | D:14     | Found a burning altar of Makhleb.
 28053 | D:15     | Entered Level 15 of the Dungeon
 28306 | D:15     | Received a gift from Okawaru
 28492 | D:15     | Found a staircase to the Depths.
 28974 | Snake:1  | Entered Level 1 of the Snake Pit
 29919 | Snake:1  | Learned a level 2 spell: Song of Slaying
 29922 | Snake:1  | Learned a level 2 spell: Shroud of Golubria
 30265 | Snake:1  | Received a gift from Okawaru
 30284 | Snake:1  | Got a scorched cloak {god gift}
 30295 | Snake:1  | Identified the +0 cloak of Noon {rCorr Dex+2} (Okawaru gifted it to you on level 1 of the Snake Pit)
 30375 | Snake:1  | Found a shimmering altar of Xom.
 31389 | Snake:2  | Noticed Nikola
 31420 | Snake:2  | Noticed Donald
 31431 | Snake:2  | Killed Nikola
 31445 | Snake:2  | Killed Donald
 32202 | Snake:3  | Received a gift from Okawaru
 32229 | Snake:3  | Reached XP level 17. HP: 165/172 MP: 20/20
 32424 | Snake:3  | Reached skill level 10 in Armour
 32547 | Snake:3  | Reached skill level 16 in Unarmed Combat
 32650 | Snake:3  | Found a white marble altar of Elyvilon.
 32762 | Snake:3  | Reached skill level 10 in Throwing
 33693 | Snake:4  | Entered Level 4 of the Snake Pit
 34137 | Snake:4  | Received a gift from Okawaru
 34149 | Snake:4  | Got a sheer robe {god gift}
 34168 | Snake:4  | Identified the +0 robe of the Republic {rN++ MR+} (Okawaru gifted it to you on level 4 of the Snake Pit)
 35247 | Snake:4  | Reached XP level 18. HP: 169/184 MP: 18/21
 35765 | Snake:4  | Reached skill level 17 in Unarmed Combat
 35832 | Snake:4  | Got a serpentine rune of Zot
 36450 | Vaults:1 | Entered Level 1 of the Vaults
 36664 | Vaults:1 | Received a gift from Okawaru
 37129 | Vaults:1 | Noticed Norris
 37152 | Vaults:1 | Killed Norris
 37503 | Vaults:1 | Found Qimp's Jewellery Shoppe.
 38135 | Vaults:2 | Found a basalt altar of Yredelemnul.
 38188 | Vaults:2 | Found a staircase to the Crypt.
 39016 | Vaults:1 | Bought a +6 ring of slaying for 1869 gold pieces
 39156 | Vaults:2 | Received a gift from Okawaru
 39328 | Vaults:2 | Received a gift from Okawaru
 39403 | Vaults:2 | Reached skill level 18 in Unarmed Combat
 39411 | Vaults:2 | Reached XP level 19. HP: 110/193 MP: 22/22
 39720 | Vaults:2 | kuniqs: Found amulet of regeneration on D:2, guess my race
 39728 | Vaults:2 | Goblin1989: DD?
 39731 | Vaults:2 | kuniqs: bingo
 39786 | Vaults:2 | Goblin1989: haha
 40422 | Vaults:3 | Goblin1989: But in fact, you'll be lucky even less if the altars appear late.
 40873 | Vaults:3 | Learned a level 5 spell: Phase Shift
 41140 | Vaults:3 | Gained mutation: Your body sometimes deteriorates upon taking damage. [a shining eye]
 41143 | Vaults:3 | Gained mutation: You occasionally shout uncontrollably at your foes. [a shining eye]
 41145 | Vaults:3 | Gained mutation: Scrolls take you a little longer to read. [a shining eye]
 41147 | Vaults:3 | Lost mutation: Your body sometimes deteriorates upon taking damage. [potion of cure mutation]
 41147 | Vaults:3 | Lost mutation: Scrolls take you a little longer to read. [potion of cure mutation]
 41147 | Vaults:3 | Lost mutation: Your mind is acute. (Int +2) [potion of cure mutation]
 41147 | Vaults:3 | Lost mutation: You are resistant to hostile enchantments. [potion of cure mutation]
 42050 | Vaults:4 | Received a gift from Okawaru
 42297 | Vaults:4 | kuniqs: the self-heal is more usable than people think
 42315 | Vaults:4 | Goblin1989: Just playing when you are treated for murder is much more comfortable than treating yourself.
 42350 | Vaults:4 | Reached skill level 19 in Unarmed Combat
 42438 | Vaults:4 | Received a gift from Okawaru
 43020 | Vaults:4 | kuniqs: DDFi^Mak, VSAr^Ely, any other very easy combos?
 43020 | Vaults:4 | kuniqs: goddamit an Orc Sorc + Wizard island on D:9?
 43020 | Vaults:4 | Goblin1989: *^Ely I unfortunately did not win.. :(
 43306 | Depths:1 | Entered Level 1 of the Depths
 43398 | Depths:1 | Found a gateway to Hell.
 43398 | Depths:1 | Noticed Margery
 43412 | Depths:1 | Reached XP level 20. HP: 174/205 MP: 23/23
 43416 | Depths:1 | Killed Margery
 43426 | Depths:1 | kuniqs: very good with VS, offsets their worst disadvantage
 44349 | Depths:2 | Found an iron altar of Okawaru.
 44392 | Depths:2 | Found a portal to a secret trove of treasure.
 44603 | Depths:2 | Noticed a juggernaut
 44613 | Depths:2 | Killed a juggernaut
 44613 | Depths:2 | Received a gift from Okawaru
 44630 | Depths:2 | Paralysed by a great orb of eyes for 4 turns
 44919 | Depths:2 | Found a shattered altar of Ashenzari.
 45091 | Depths:2 | Found a one-way gate leading to the halls of Pandemonium.
 45371 | Depths:2 | Reached skill level 20 in Unarmed Combat
 46191 | Depths:3 | Received a gift from Okawaru
 46413 | Depths:3 | Paralysed by a wizard for 5 turns
 46483 | Depths:3 | Received a gift from Okawaru
 46670 | Depths:3 | Received a gift from Okawaru
 46956 | Depths:3 | Received a gift from Okawaru
 47118 | Depths:3 | Reached XP level 21. HP: 215/215 MP: 24/24
 47128 | Depths:3 | Received a gift from Okawaru
 48161 | Depths:4 | Found a one-way gate to the infinite horrors of the Abyss.
 48882 | Depths:4 | Reached skill level 21 in Unarmed Combat
 48896 | Depths:4 | Received a gift from Okawaru
 48984 | Depths:4 | Noticed a caustic shrike
 48994 | Depths:4 | Killed a caustic shrike
 49005 | Depths:4 | Reached skill level 15 in Fighting
 49287 | Depths:4 | Got a shimmering lajatang {vamp}
 49288 | Depths:4 | Identified the cursed +1 lajatang "Oruorhudd" {vamp, *Confuse rElec rC+} (You took it off a tengu warrior on level 4 of the Depths)
 49335 | Depths:4 | Received a gift from Okawaru
 49552 | Depths:4 | crauler: хорошая нетабовая игра изматывает
 49587 | Depths:5 | Entered Level 5 of the Depths
 49736 | Depths:5 | Noticed an ancient lich
 49736 | Depths:5 | Found a gateway to a ziggurat.
 49737 | Depths:5 | Noticed an ancient lich
 49867 | Depths:5 | crauler: чето СХ маловато
 49905 | Depths:5 | Goblin1989: да норм же
 49905 | Depths:5 | Goblin1989: обычный щит потому что
 50014 | Depths:5 | Killed an ancient lich
 50014 | Depths:5 | Reached XP level 22. HP: 213/227 MP: 25/25
 50023 | Depths:5 | Killed an ancient lich
 50024 | Depths:5 | crauler: лол, палка еще работает
 50024 | Depths:5 | crauler: 0.17
 50024 | Depths:5 | Goblin1989: yah
 50024 | Depths:5 | crauler: дизинтег не работает на стенах, ебанулись
 50050 | Depths:5 | Goblin1989: зато он теперь на мобов ничо так работает
 50200 | Depths:5 | crauler: они его баффали чтоли?
 50223 | Depths:5 | Goblin1989: а хз
 50223 | Depths:5 | Goblin1989: хотя да, я же на мобах его раньше не использовал
 50223 | Depths:5 | Goblin1989: тогда воббще хз зачем он нужен
 50223 | Depths:5 | Goblin1989: может ремувнут
 50255 | Depths:5 | crauler: лол
 50749 | Depths:5 | Received a gift from Okawaru
 50989 | Depths:5 | Received a gift from Okawaru
 50991 | Depths:5 | Found a gate to the Realm of Zot.
 51396 | D:14     | jacquesderrida: Так-с, так-с...
 51445 | D:10     | jacquesderrida: Гремлин и Краулир...
 51583 | Shoals:1 | Entered Level 1 of the Shoals
 51658 | Shoals:1 | Got a dazzling lajatang
 51710 | Shoals:1 | Found Zezxasum's Antique Weapon Emporium.
 51755 | Shoals:1 | Reached skill level 22 in Unarmed Combat
 52253 | Shoals:2 | Noticed Frances
 52275 | Shoals:2 | Killed Frances
 53058 | Shoals:3 | Noticed Polyphemus
 53076 | Shoals:3 | Killed Polyphemus
 53787 | Shoals:4 | Entered Level 4 of the Shoals
 53990 | Shoals:4 | Reached skill level 15 in Dodging
 54127 | Shoals:4 | Learned a level 5 spell: Aura of Abjuration
 54159 | Shoals:4 | Noticed Ilsuiw
 54188 | Shoals:4 | Killed Ilsuiw
 54450 | Shoals:4 | Received a gift from Okawaru
 54487 | Shoals:4 | Reached XP level 23. HP: 92/239 MP: 26/26
 54500 | Shoals:4 | Got a barnacled rune of Zot
 54895 | Shoals:4 | Got a turquoise-encrusted storm dragon armour
 55110 | Shoals:4 | Received a gift from Okawaru
 55114 | Shoals:4 | Reached skill level 15 in Armour
 55128 | Shoals:4 | Got a warped granite ring
 55502 | Lair:1   | Identified the cursed +1 storm dragon armour of the Accordion {rElec rC+ Stlth+} (You found it on level 4 of the Shoals)
 55514 | Lair:1   | Identified the ring "Amiydiugg" {rElec MR+ Int+2 Dex+3} (You took it off a merfolk on level 4 of the Shoals)
 55672 | Orc:4    | graymark: о да
 55693 | Orc:4    | graymark: 4 левела орков
 55694 | Orc:3    | Found a staircase to the Elven Halls.
 55695 | Orc:3    | Goblin1989: 0.17 же
 56052 | Elf:1    | Entered Level 1 of the Elven Halls
 56103 | Elf:1    | Got a transparent ivory ring
 56104 | Elf:1    | Identified the ring of Ediqupeo {*Contam rElec rF+++ Int+3 Dex+2} (You found it on level 1 of the Elven Halls)
 57047 | Elf:2    | ReniFell: che vy tut
 57047 | Elf:2    | ReniFell: kak ono
 57047 | Elf:2    | Goblin1989: стрик
 57047 | Elf:2    | Found Ilyec's Assorted Antiques.
 57183 | Elf:2    | Found a runed gate.
 57183 | Elf:2    | Found a runed gate.
 57183 | Elf:2    | Found a runed gate.
 57236 | Elf:3    | Entered Level 3 of the Elven Halls
 58159 | Elf:3    | Received a gift from Okawaru
 58208 | Elf:3    | Got a pitted greatsling {god gift}
 58550 | Elf:3    | Identified the Papyrus of the Merchant (You found it on level 3 of the Elven Halls)
 58583 | Elf:3    | Learned a level 4 spell: Passage of Golubria
 58620 | Elf:3    | Got a faintly glowing brass ring
 58627 | Elf:3    | Identified the ring of Finality {Int+6 SInv} (You took it off a deep elf demonologist on level 3 of the Elven Halls)
 59196 | Vaults:5 | Entered Level 5 of the Vaults
 59231 | Vaults:5 | Received a gift from Okawaru
 59253 | Vaults:5 | Received a gift from Okawaru
 59299 | Vaults:5 | HP: 12/241 [ettin/dire flail (6)]
 59311 | Vaults:5 | Rolled over by a boulder beetle

Action                   |  1- 3 |  4- 6 |  7- 9 | 10-12 | 13-15 | 16-18 | 19-21 | 22-24 || total
-------------------------+-------+-------+-------+-------+-------+-------+-------+-------++-------
Melee: Unarmed           |    96 |   148 |   215 |   652 |  2181 |  2102 |  1679 |  1176 ||  8249
 Fire: Blowgun           |       |     6 |    31 |    58 |     9 |       |       |       ||   104
Throw: Large rock        |       |     3 |    10 |    10 |    66 |    34 |    20 |    52 ||   195
       Javelin           |       |     5 |     4 |     3 |       |       |     8 |       ||    20
Invok: Heroism           |       |       |     1 |    11 |    28 |    18 |    20 |    11 ||    89
       Finesse           |       |       |       |     1 |     1 |     2 |     3 |     5 ||    12
Evoke: Wand              |       |       |       |     5 |     2 |     5 |     1 |     4 ||    17
       Rod               |       |       |       |       |     1 |       |       |       ||     1
  Use: Scroll            |       |       |    13 |    10 |    21 |    10 |    10 |    24 ||    88
       Potion            |       |       |       |       |     8 |     2 |     2 |     6 ||    18
 Stab: Sleeping          |       |     4 |     1 |     6 |     5 |       |       |       ||    16
       Distracted        |       |       |       |     1 |       |       |       |     1 ||     2
  Eat: Chunk             |    15 |    21 |    34 |    54 |   141 |    92 |   100 |    88 ||   545
       Bread ration      |       |       |       |       |     1 |     3 |       |       ||     4
       Fruit             |       |       |       |       |       |     7 |     2 |       ||     9

Vault maps used:
D:1:      sevenhm_arrival_forest_fort_large_4
D:2:      uniq_iyjb
D:3:      minmay_overflow_temple_star_hex, cheibriados_altar_wand_db,
          uniq_natasha
D:4:      serial_shops, nicolae_shop_waterfront
D:5:      first_bread
D:6:      basic_altar, grunt_decor_fettered, xom_teletrap_fun
D:7:      grunt_qazlal_clouds, minmay_temple_entry_glass, uniq_menkaure,
          uniq_pikel
D:8:      basic_altar
D:9:      nicolae_overflow_crystal_walls
D:10:     grunt_lair_entry_elf_guard_hut, grunt_tengu_nest,
          minmay_unpleasant_kobolds, uniq_harold, uniq_grum, uniq_maurice
D:11:     minmay_misc_feat_pillars, serial_bayou_pond_e,
          eino_small_chamber_without_monster
D:13:     hangedman_arrow_trap, feat_on_display
D:14:     david_vaults_2, lemuel_statue_altar, uniq_roxanne, uniq_azrael
D:15:     gammafunk_enter_depths_forms, hangedman_decor_points
Lair:1:   portal_ice_cave_entry_imps
Lair:2:   grunt_megastairs_2, uniq_gastronok, uniq_sonja
Lair:3:   ldierk_geyser, lemuel_fruit_fields
Lair:4:   elwin_shoals_entry_rocks, kennysheep_snail_temple,
          serial_bayou_shore_b, grunt_megastairs_3
Lair:5:   dragon1_lemuel, minmay_snake_entry_guardpost_large
Lair:6:   grunt_megastairs_4, infiniplex_staircase_pool_2
Lair:7:   cheibrodos_magma_flow, uniq_nessos
Lair:8:   evilmike_catoblepas_cave, minmay_slime_entry_pillars,
          grunt_megastairs_1
Shoals:1: serial_shops, nicolae_shop_temple_entry_statues_fountains,
          nicolae_shoals_square_sea_wall
Shoals:2: uniq_frances
Shoals:3: uniq_polyphemus
Shoals:4: shoals_end_grunt_ice, shoals_ilsuiw_alternative
Snake:1:  basic_altar, guppyfry_library_mini, serial_bayou_shore_a,
          lemuel_fruit_tree
Snake:2:  serial_bayou_lagoon_b, uniq_nikola, uniq_donald
Snake:3:  serial_bayou, serial_bayou_pond_d, serial_bayou_pond_d,
          serial_bayou_shore_b, serial_bayou_pond_c, serial_bayou_pond_e,
          serial_bayou_ford_a, grunt_ministairs_14, stair_cage_line,
          lemuel_oklob_altar
Snake:4:  johnstein_snake_rune_scales
Orc:1:    enter_volcano_1, serial_shops, shop
Orc:2:    uniq_rupert, uniq_snorg
Orc:3:    nicolae_orc_pool_cavern, nicolae_orc_bridge_out
Orc:4:    pubby_orc_utopia, serial_shops
Elf:1:    minmay_elf_arrival_plus, evilmike_minifort, spider_trap
Elf:2:    serial_shops, shop
Elf:3:    minmay_elf_hall_circle
Vaults:1: v_misc_10, v_misc_16, vaults_dpeg_hooks, hangedman_vaults_impose,
          vaults_room_fours, hangedman_vaults_impose, ontoclasm_vaults_fault,
          v_misc_29, v_rooms_3, serial_shops, nicolae_shop_waterfront,
          uniq_norris
Vaults:2: nicolae_vaults_theta, v_misc_19, v_misc_19, hangedman_vaults_slice,
          v_alt_pattern_3, vaults_room_large_hall,
          nicolae_vaults_little_squares_3, v_misc_8,
          minmay_crypt_entry_simple_round, v_misc_19, st_smaller_cells,
          vaults_standard_mumra_x, ontoclasm_vaults_bender,
          nicolae_vaults_little_squares_6, hangedman_vaults_locks,
          vaults_room_corners, basic_altar
Vaults:3: v_alt_pattern_6, v_misc_9, nicolae_vaults_circle_grid_b, v_pattern_3,
          vaults_dpeg_encased_lava, vaults_room_corners,
          nicolae_vaults_mini_display_case, vaults_dpeg_cross,
          ontoclasm_vaults_ligature
Vaults:4: v_misc_23, v_pattern_1, ontoclasm_vaults_ring_small,
          nicolae_vaults_three_branches, hangedman_vaults_trim,
          nicolae_vaults_big_ls, vaults_dpeg_doors, vaults_room_pools,
          ontoclasm_vaults_shuriken, ontoclasm_vaults_spin, v_misc_29,
          nicolae_vaults_little_ls, grunt_vaults_focal
Vaults:5: serial_shops
Depths:1: dk_noncrumbling_4, grunt_metal_band, kennysheep_nondescript,
          hangedman_stitches_earthworm
Depths:2: minmay_diamond_stairs, grunt_pan_entry_zigzag,
          nicolae_trove_entry_diagonal, okawaru_ov_weapons_minmay,
          pf_dread_powers_of_hell, small_statue_intersection, ashenzari_altar_1
Depths:3: minmay_big_diamond_grid, minmay_misc_feat_four_crosses, pan_entry,
          hell_entry, laboratory
Depths:4: minmay_nested_s, kennysheep_doodads, pf_coc_iceberg, abyss_entry,
          rand_demon_pan_entry_4, minmay_misc_feat_tower, uniq_boris
Depths:5: grunt_zot_entry_tricorne, enter_ziggurat_c, minmay_crystal_water,
          pan_entry, hell_entry, roderic_lattice_a, spider_trap
IceCv:    ice_cave_caverns_01
Volcano:  volcano_pools
